 Dungeon Crawl Stone Soup version 0.29-a0-993-g4a18f31a58 (webtiles) character file.

Game seed: 5188212366553774599

11921 inmateoo the Spear-Bearer (level 12, -12/93 HPs)
             Began as a Human Fighter on Aug 2, 2022.
             Was a High Priest of Okawaru.
             Mangled by a komodo dragon (23 damage)
             ... on level 1 of the Lair of Beasts.
             The game lasted 00:15:02 (13981 turns).

inmateoo the Spear-Bearer (Human Fighter)          Turns: 13981, Time: 00:15:03

Health: -12/93     AC: 16    Str: 18    XL:     12   Next: 13%
Magic:  0/16       EV: 16    Int: 10    God:    Okawaru [*****.]
Gold:   654        SH:  7    Dex: 15    Spells: 11/11 levels left

rFire   . . .      SeeInvis .   m - +9 long sword "Mojearaw" {venom, Fly rElec}
rCold   . . .      Faith    .   c - +0 buckler
rNeg    . . .      Spirit   +   j - +0 swamp dragon scales
rPois   +          Reflect  .   n - +1 helmet
rElec   +          Harm     .   e - scarf {repulsion}
rCorr   .          Rampage  .   g - +0 pair of gloves
Will    .....                   k - +0 pair of boots
Stlth   ++........              r - amulet of guardian spirit
HPRegen 0.25/turn               (no ring)
MPRegen 0.15/turn               (no ring)

@: heroic, flying, repel missiles
A: no striking features
a: Renounce Religion, Heroism, Finesse, Duel


You were on level 1 of the Lair of Beasts.
You worshipped Okawaru.
Okawaru was extremely pleased with you.
You visited 2 branches of the dungeon, and saw 12 of its levels.

You collected 654 gold pieces.

Inventory:

Hand Weapons
 l - a +1 trident of venom
 m - the +9 long sword "Mojearaw" (weapon) {venom, Fly rElec}
   (You found it on level 1 of the Lair of Beasts)

   It poisons the flesh of those it strikes.
   rElec:     It insulates you from electricity.
   Fly:       It grants you flight.
 o - the +8 hammer of Ybinn {drain, rN+}
   (You found it on level 3 of the Dungeon)

   A truly terrible weapon, it drains the life of any living foe it strikes.
   rN:        It protects you from negative energy.
Armour
 c - a +0 buckler (worn)
 e - a scarf of repulsion (worn)
 g - a +0 pair of gloves (worn)
 j - +0 swamp dragon scales (worn)
 k - a +0 pair of boots (worn)
 n - a +1 helmet (worn)
Jewellery
 r - an amulet of guardian spirit (around neck)
 y - a ring of willpower
Wands
 f - a wand of flame (35)
 w - a wand of digging (1)
Scrolls
 a - a scroll of enchant armour
 h - 3 scrolls of magic mapping
 q - 2 scrolls of enchant weapon
 t - a scroll of poison
 u - 3 scrolls of teleportation
 A - 4 scrolls of identify
Potions
 b - 4 potions of mutation
 d - 2 potions of might
 i - 5 potions of flight
 p - a potion of magic
 s - 2 potions of curing
 v - a potion of cancellation
 x - a potion of brilliance
Miscellaneous
 z - a lightning rod (4/4)


   Skills:
 + Level 8.2(13.2) Fighting
 * Level 10.9(15.9) Polearms
 - Level 8.0(13.0) Armour
 + Level 5.7(10.7) Dodging
 - Level 8.0(13.0) Shields
 + Level 6.2 Invocations


You had 11 spell levels left.
You didn't know any spells.
Your spell library contained the following spells:

 Spells                   Type           Power      Damage    Failure   Level
 Foxfire                  Conj/Fire      0%         2x1d4     56%         1
 Magic Dart               Conj           0%         1d3       56%         1
 Conjure Flame            Conj/Fire      0%         6-21      90%         3
 Gell's Gravitas          Tloc           0%         N/A       90%         3
 Inner Flame              Hex/Fire       0%         N/A       90%         3
 Lesser Beckoning         Tloc           0%         N/A       90%         3
 Mephitic Cloud           Conj/Pois/Air  0%         N/A       90%         3
 Teleport Other           Tloc           0%         N/A       90%         3
 Flame Wave               Conj/Fire      0%         2d4       100%        4
 Iskenderun's Battlesphe  Conj           0%         2d6       100%        5
 Iron Shot                Conj/Erth      0%         9d1       100%        6
 Call Imp                 Summ           Unusable   N/A       N/A         2
 Spellforged Servitor     Conj/Summ      Unusable   N/A       N/A         7

Dungeon Overview and Level Annotations

Branches:
Dungeon (11/15)            Temple (0/1) D:6            Lair (1/5) D:9
    Orc (0/2) D:11

Altars:
Cheibriados
Elyvilon
Gozag
Kikubaaqudgha
Makhleb
Okawaru
Qazlal
Ru
Trog
Uskayaw
Xom
Yredelemnul
Zin

Shops:
D:5 [   D:9 *   D:10 *

Annotations:
D:9 2 transporters, gabibbone's ghost, novice DsCj


Message History

The yak is almost dead.
The yak gores you! The yak gores you.
You barely miss the yak.
The yak is severely wounded.
The yak completely misses you.
You barely miss the yak.
The yak is almost dead.
You block the yak's attack.
You slice the yak!!
You kill the yak!
Okawaru accepts your kill. You block the komodo dragon's attack.
You hit the komodo dragon but do no damage.
The komodo dragon bites you.
You completely miss the komodo dragon. The komodo dragon bites you.
The komodo dragon closely misses you.
You closely miss the komodo dragon. The komodo dragon misses you.
You slice the komodo dragon!!
The komodo dragon looks as sick as possible!
The komodo dragon is heavily wounded.
The komodo dragon bites you!! You block the komodo dragon's attack.
You hit the komodo dragon but do no damage.
The komodo dragon is heavily wounded.
The komodo dragon bites you.
You are too injured to fight recklessly!
You hit the komodo dragon.
The komodo dragon looks as sick as possible!
The komodo dragon is heavily wounded.
The komodo dragon bites you!
* * * LOW HITPOINT WARNING * * *
The komodo dragon bites you but does no damage.
You are too injured to fight recklessly!
You gain the combat prowess of a mighty hero.
The komodo dragon bites you!!
* * * LOW HITPOINT WARNING * * *
You barely miss the komodo dragon.
The komodo dragon is severely wounded.
You block the komodo dragon's attack.
You feel better. The komodo dragon bites you!!
You die...

#.##..##...#..
#........>....
.P.##.##...##P###.
..........##### .
..........##
#####.##...##
######.#.....####
##.##.#.##........
#..@lY............
#..#####.#.....###
#.## ###.P.### ##
#.YY# P...# ##.#.#
.Y#.. ..#Y#.
#...Y..


You could see a komodo dragon (extremely poisoned) and a yak.

Vanquished Creatures
  2 two-headed ogres
  Pikel (D:4)
  A cane toad (Lair:1)
  Maggie (D:6)
  4 trolls
  A hornet (D:8)
  Grinder (D:6)
  Prince Ribbit (D:5)
  A vampire (D:11)
  26 yaks
  2 steam dragons
  An acid dragon (D:10)
  2 water moccasins (D:7)
  Duvessa (D:6)
  5 orc warriors
  3 ice beasts
  A sky beast (D:7)
  A centaur (D:8)
  4 kobold brigands
  4 bullfrogs
  2 necrophages
  3 gnoll sergeants (D:9)
  4 scorpions
  4 wights
  Dowan (D:6)
  2 jellies
  5 howler monkeys
  11 orc priests
  5 hounds
  Crazy Yiuf (D:3)
  Terence (D:2)
  Natasha (thrice) (D:4)
  4 iguanas
  9 orc wizards
  Robin (D:2)
  10 gnolls
  8 adders
  4 shadow imps
  A white imp (D:7)
  3 ufetubi (D:6)
  3 worms
  3 dart slugs
  38 orcs
  A bat (D:1)
  6 endoplasms
  4 giant cockroaches
  10 goblins
  9 hobgoblins
  23 kobolds
  2 quokkas
  2 ball pythons
  3 frilled lizards
  5 rats
254 creatures vanquished.

Vanquished Creatures (others)
  A gnoll (D:9)
  An orc (D:10)
  3 fungi (Lair:1)
  A plant (Lair:1)
6 creatures vanquished.

Grand Total: 260 creatures vanquished

Notes
Turn   | Place    | Note
-------+----------+-------------------------------------------
     0 | D:1      | inmateoo the Human Fighter began the quest for the Orb.
     0 | D:1      | Reached XP level 1. HP: 18/18 MP: 1/1
   226 | D:1      | Reached XP level 2. HP: 23/24 MP: 2/2
   588 | D:1      | You fall into a shaft and drop 1 floor!
  1014 | D:2      | Reached XP level 3. HP: 23/29 MP: 3/3
  1257 | D:2      | Noticed Robin
  1293 | D:1      | Reached XP level 4. HP: 34/35 MP: 4/4
  1338 | D:1      | Reached skill level 3 in Polearms
  1533 | D:2      | Killed Robin
  1704 | D:2      | Noticed Terence
  1892 | D:2      | Killed Terence
  1893 | D:2      | Reached XP level 5. HP: 34/41 MP: 5/5
  2012 | D:2      | Found Cuel Noo's Armour Boutique.
  2159 | D:3      | Found a burning altar of Makhleb.
  2160 | D:3      | Found a basalt altar of Yredelemnul.
  2371 | D:3      | Reached skill level 4 in Polearms
  2371 | D:3      | Reached XP level 6. HP: 48/48 MP: 6/6
  2765 | D:3      | Identified the +8 hammer of Ybinn {drain, rN+}
  2766 | D:3      | Found a runed translucent door.
  2771 | D:3      | Noticed Crazy Yiuf
  2777 | D:3      | Killed Crazy Yiuf
  2966 | D:3      | Found a faded altar of an unknown god.
  3225 | D:4      | Noticed Natasha
  3238 | D:4      | Killed Natasha
  3469 | D:4      | Noticed Natasha
  3477 | D:4      | Killed Natasha
  3486 | D:4      | Noticed Pikel
  3497 | D:4      | Killed Pikel
  3498 | D:4      | Reached skill level 5 in Polearms
  3498 | D:4      | Reached XP level 7. HP: 46/55 MP: 7/7
  3498 | D:4      | Reached XP level 8. HP: 51/61 MP: 8/8
  3538 | D:4      | Found an iron altar of Okawaru.
  3554 | D:4      | Became a worshipper of Warmaster Okawaru
  3594 | D:4      | Noticed Natasha
  3603 | D:4      | Killed Natasha
  3858 | D:5      | Entered Level 5 of the Dungeon
  4225 | D:5      | Found Tanenaga's Dragon-Slaying Spoils.
  4252 | D:5      | Reached skill level 6 in Polearms
  4252 | D:5      | Reached skill level 5 in Armour
  4252 | D:5      | Reached skill level 5 in Shields
  4291 | D:5      | Reached skill level 5 in Fighting
  4477 | D:5      | Noticed Prince Ribbit
  4492 | D:5      | Killed Prince Ribbit
  4492 | D:5      | Reached * piety under Okawaru
  4539 | D:5      | Reached XP level 9. HP: 67/68 MP: 9/9
  4616 | D:5      | Found a white marble altar of Elyvilon.
  4732 | D:6      | Noticed Duvessa
  4734 | D:6      | Noticed Dowan
  4736 | D:6      | Reached skill level 7 in Polearms
  4845 | D:6      | Found a snail-covered altar of Cheibriados.
  4970 | D:6      | Reached skill level 1 in Dodging
  5042 | D:6      | Reached skill level 1 in Invocations
  5250 | D:6      | Noticed Grinder
  5267 | D:6      | Paralysed by Grinder for 3 turns
  5274 | D:6      | Killed Grinder
  5274 | D:6      | Reached ** piety under Okawaru
  5712 | D:6      | Killed Duvessa
  5805 | D:6      | Killed Dowan
  5832 | D:6      | Found a staircase to the Ecumenical Temple.
  5949 | D:6      | Noticed Maggie
  5992 | D:6      | Killed Maggie
  5993 | D:6      | Reached skill level 8 in Polearms
  6298 | D:6      | Reached XP level 10. HP: 45/76 MP: 7/12
  6946 | D:7      | Identified the -2 cloak "Vuvusat" {*Corrode MP+9 Slay+2
                  | Stlth+}
  7478 | D:7      | Reached *** piety under Okawaru
  7986 | D:7      | Found a sacrificial altar of Ru.
  7988 | D:7      | Found a hide-covered altar of Uskayaw.
  7988 | D:7      | Found a stormy altar of Qazlal.
  8176 | D:8      | Found a bloodstained altar of Trog.
  8287 | D:8      | Noticed a two-headed ogre
  8301 | D:8      | Killed a two-headed ogre
  8302 | D:8      | Reached skill level 9 in Polearms
  8579 | D:8      | Found an ancient bone altar of Kikubaaqudgha.
  8666 | D:8      | Reached **** piety under Okawaru
  8872 | D:8      | Found an opulent altar of Gozag.
  8935 | D:8      | Found a glowing silver altar of Zin.
  9209 | D:9      | Found a transporter.
  9216 | D:9      | Noticed gabibbone's ghost (novice DsCj)
  9217 | D:9      | Noticed a manticore
  9366 | D:9      | Noticed a two-headed ogre
  9387 | D:9      | Killed a two-headed ogre
  9388 | D:9      | Reached XP level 11. HP: 21/84 MP: 3/14
  9725 | D:9      | Reached ***** piety under Okawaru
 10289 | D:9      | Found Gebu Oqu's Serpentskin Sales.
 10332 | D:9      | Found a staircase to the Lair.
 10368 | D:9      | Found a transporter.
 10428 | D:9      | Found a radiant altar of Vehumet.
 10430 | D:9      | Found a shimmering altar of Xom.
 10430 | D:9      | Found an iron altar of Okawaru.
 10433 | D:9      | Found a snail-covered altar of Cheibriados.
 10433 | D:9      | Found a snail-covered altar of Cheibriados.
 10433 | D:9      | Found a shimmering altar of Xom.
 10475 | D:10     | Entered Level 10 of the Dungeon
 10714 | D:10     | Reached skill level 5 in Invocations
 11138 | D:10     | Reached skill level 10 in Polearms
 11157 | D:10     | Identified the +0 glaive of Cecreyre {vamp, Str+2} (Okawaru
                  | gifted it to you on level 10 of the Dungeon)
 11157 | D:10     | Received a gift from Okawaru
 11459 | D:10     | Reached skill level 5 in Dodging
 11752 | D:10     | Found Xacruo's Demolitions Depot.
 12659 | D:11     | Found a staircase to the Orcish Mines.
 13446 | D:11     | Received a gift from Okawaru
 13447 | D:11     | Reached XP level 12. HP: 64/92 MP: 12/16
 13664 | D:11     | Noticed a catoblepas
 13820 | D:11     | Noticed a six-headed hydra
 13892 | Lair:1   | Entered Level 1 of the Lair of Beasts
 13937 | Lair:1   | Identified the +9 long sword "Mojearaw" {venom, Fly rElec}
 13979 | Lair:1   | HP: 3/93 [komodo dragon (21)]
 13981 | Lair:1   | Mangled by a komodo dragon

Illustrated notes

Levels and vault maps discovered:
D:1:      mrwooster_arrival_statue, layout_basic
D:2:      layout_basic, serial_shops, nicolae_shop_behind_doors, uniq_robin,
          uniq_terence
D:3:      layout_basic, grunt_temple_overflow_open, basic_ecumenical_altar,
          uniq_crazy_yiuf_cottage
D:4:      layout_loops_ring, okawaru_metal_pillars_1_2, uniq_natasha, uniq_pikel
D:5:      layout_rooms, kennysheep_mini, nicolae_shop_dragon_depot,
          uniq_prince_ribbit1
D:6:      layout_gridville, kennysheep_slug_shrine, minmay_temple_entry_waves,
          wad_floor_pattern_1, minivault_1, uniq_grinder, uniq_maggie,
          uniq_duvessa
D:7:      layout_loops_corners, grunt_temple_overflow_diamond,
          nicolae_zen_rock_garden, minivault_10
D:8:      layout_gridville, pdpol_temple_overflow_zin_treasury_gozag_greed,
          lemuel_crystal_altar, trog_three_pillars_becter,
          dreamdust_princess_bridge, serial_park_tiny_1
D:9:      layout_cave_pools, doesnt_xom_only_xom, lair_entry_dummy,
          gammafunk_ghost_arena, guppyfry_shop_venom
D:10:     layout_basic, minmay_tree_intersection, nicolae_blasting_shop,
          hangedman_decor_riveting, hangedman_abyss_or_decor_jellyfish_corner
D:11:     layout_basic, minmay_orc_entry_temple_small
Lair:1:   layout_loops_ring, portal_ice_cave_demonic_guard, enter_volcano_4,
          ldierk_geyser, serial_bayou_shore_a, grunt_megastairs_2

Skill      XL: |  1  2  3  4  5  6  7  8  9 10 11 12 |
---------------+-------------------------------------+-----
Polearms       | 3 4 5 6 8 9 10 | 10.9
Armour         | 4 5 6 7 8 |  8.0
Shields        | 4 5 6 7 8 |  8.0
Fighting       | 4 5 6 7 8 |  8.2
Dodging        | 2 4 5 |  5.7
Invocations    | 2 4 5 6 |  6.2

Action                   |  1- 3 |  4- 6 |  7- 9 | 10-12 || total
-------------------------+-------+-------+-------+-------++-------
Melee: Trident           |    86 |   118 |   148 |   626 ||   978
       Mace              |       |    19 |   136 |   109 ||   264
       Long sword        |       |       |       |    30 ||    30
Invok: Heroism           |       |       |     2 |     4 ||     6
Evoke: Wand              |       |       |     2 |     6 ||     8
  Use: Scroll            |       |     7 |     4 |    16 ||    27
       Potion            |       |       |     6 |     3 ||     9
Armor: Scale mail        |    33 |       |       |       ||    33
       Plate armour      |    13 |    70 |   174 |       ||   257
       Swamp dragon scal |       |       |     6 |   266 ||   272
       Skin              |       |       |     4 |       ||     4
Dodge: Dodged            |    29 |    32 |    71 |   357 ||   489
       Repelled          |       |       |       |     8 ||     8
Block: Buckler           |     8 |    31 |    70 |   197 ||   306

Table legend: (Time is in decaauts)
 A = Elapsed time spent in this place.
 B = Non-inter-level travel time spent in this place.
 C = Inter-level travel time spent in this place.
 D = Time resting spent in this place.
 E = Time spent auto-exploring this place.
 F = Levels seen in this place.
 G = Mean time per level.
                   A        B        C        D        E       F      G
               +--------+--------+--------+--------+--------+-----+--------+
         Total |  14062 |  13716 |    346 |   5471 |   5403 |  12 | 1171.8 |
       Dungeon |  13964 |  13618 |    346 |   5471 |   5390 |  11 | 1269.5 |
          Lair |     97 |     97 |      0 |      0 |     13 |   1 |   97.0 |
               +--------+--------+--------+--------+--------+-----+--------+

Top non-repeatable levels by time:
     D:7: 2002 daAuts
     D:9: 1860 daAuts
    D:10: 1822 daAuts
     D:6: 1476 daAuts
     D:1: 1270 daAuts
     D:3: 1137 daAuts
     D:8: 1021 daAuts
     D:4: 978 daAuts
    D:11: 909 daAuts
     D:2: 850 daAuts
     D:5: 633 daAuts
  Lair:1: 97 daAuts
